 Dungeon Crawl Stone Soup version 0.31.0-11-ge490571c62 (webtiles) character file.

Game seed: 16663399490182015204

59 hawla the Conjurer (level 3, -2/19 HPs)
             Began as a Deep Elf Fire Elementalist on Jan 31, 2024.
             Killed by divine providence
             ... invoked by an orc priest
              (16 damage)
             ... on level 3 of the Dungeon.
             The game lasted 00:03:01 (1213 turns).

hawla the Conjurer (Deep Elf Fire Elementalist)     Turns: 1213, Time: 00:03:01

Health: -2/19      AC:  2    Str:  5    XL:     3   Next: 78%
Magic:  7/9        EV: 12    Int: 21    God:
Gold:   67         SH:  0    Dex: 15    Spells: 5/8 levels left

rFire   . . .        h - staff of air
rCold   . . .        (no shield)
rNeg    + . .        a - +0 robe
rPois   .            (no helmet)
rElec   +            (no cloak)
rCorr   .            (no gloves)
SInv    .            (no boots)
Will    .....        (no amulet)
Stlth   ++           f - ring of positive energy
HPRegen 0.23/turn    (no ring)
MPRegen 0.11/turn

%: no passive effects
@: no status effects
A: no striking features
a: no special abilities


You were on level 3 of the Dungeon.
You visited 1 branch of the dungeon, and saw 3 of its levels.

You collected 67 gold pieces.

Inventory:

Armour
 a - a +0 robe (worn)
Magical Staves
 h - a staff of air (weapon)
Jewellery
 f - a ring of positive energy (left hand)
Scrolls
 c - a scroll of vulnerability
 e - a scroll of fear
Potions
 b - a potion of magic
 d - a potion of brilliance
 g - a potion of haste
 i - 3 potions of heal wounds
 j - a potion of degeneration {unknown}
 k - a potion of berserk rage {unknown}


   Skills:
 - Level 2.4 Dodging
 - Level 2.4 Stealth
 - Level 3.0 Spellcasting
 + Level 4.1 Conjurations
 - Level 3.2 Fire Magic


You had 5 spell levels left.
You knew the following spells:

 Your Spells              Type           Power      Damage    Failure   Level
a - Foxfire               Conj/Fire      72%        2x1d7     3%          1
b - Scorch                Fire           32%        2d6       5%          2

Your spell library contained the following spells:

 Spells                   Type           Power      Damage    Failure   Level
 Inner Flame              Hex/Fire       10%        N/A       21%         3
 Volatile Blastmotes      Fire/Tloc      20%        2d11      21%         3
 Flame Wave               Conj/Fire      18%        2d7       28%         4


Dungeon Overview and Level Annotations

Branches:
Dungeon (2/15)

Altars:

Shops:
D:1 :


Message History

The bat barely misses you.
Casting: Foxfire (safe; 3% risk of failure)
Confirm with . or Enter, or press ? or * to list all spells.
You conjure some foxfire!
The bat barely misses you.
The foxfire hits the bat.
You kill the bat!
Your foxfire dissipates!
You see here a bat corpse.
Found a faded altar of an unknown god.
A kobold comes into view. It is wielding a +0 short sword.
The kobold shouts!
You hear a shout!
The kobold throws a stone.
The stone barely misses you.
A kobold is nearby!
An orc priest comes into view. It is wielding a +0 hand axe.
The kobold throws a stone.
The stone hits you.
The orc priest moves out of view.
Casting: Foxfire (safe; 3% risk of failure)
Confirm with . or Enter, or press ? or * to list all spells.
Flames lash the kobold.
You kill the kobold!
You hear a shout!
An orc comes into view. It is wielding a +0 short sword.
Found a scroll of identify.
An orc comes into view. It is wielding a +0 trident.
An orc comes into view. It is wielding a +0 short sword.
The orc priest shouts!
Things that are here:
a +0 short sword; 4 stones; a kobold corpse You closely miss the orc.
The orc hits you with a +0 short sword.
An adder comes into view.
The orc shouts!
You hit the orc.
The orc is lightly wounded.
The orc closely misses you.
The orc hits you from afar with a +0 trident.
You hit the orc but do no damage.
The orc is lightly wounded.
The orc priest invokes the aid of Beogh against you.
Beogh smites you!
Ouch! That really hurt!
You die...

# #. #. #.. #.#
## #.########o..
#.# ##...@oooS..#
#.###.########?.#
#.#.##
########..######
...............^
########...##._.
#.....# . #.##†.#
#.##..#######


You could see an orc priest, an adder and 3 orcs.

Vanquished Creatures
  3 adders
  A dart slug (D:1)
  6 ball pythons
  4 bats
  An endoplasm (D:2)
  2 goblins
  3 hobgoblins
  A jackal (D:3)
  A frilled lizard (D:1)
  4 kobolds
  4 rats
30 creatures vanquished.

Vanquished Creatures (others)
  54 foxfires
54 creatures vanquished.

Grand Total: 84 creatures vanquished

Notes
Turn   | Place    | Note
-------+----------+-------------------------------------------
     0 | D:1      | hawla the Deep Elf Fire Elementalist began the quest for
                  | the Orb.
     0 | D:1      | Reached XP level 1. HP: 10/10 MP: 6/6
   107 | D:1      | Found Qockiorgh's Book Boutique.
   218 | D:1      | Reached skill level 2 in Conjurations
   292 | D:1      | Reached XP level 2. HP: 13/15 MP: 6/8
   295 | D:1      | Learned a level 2 spell: Scorch
   695 | D:2      | Reached skill level 3 in Conjurations
   780 | D:2      | Reached XP level 3. HP: 19/19 MP: 7/9
   985 | D:2      | You fall into a shaft and drop 1 floor!
  1005 | D:3      | Reached skill level 4 in Conjurations
  1202 | D:3      | Found a faded altar of an unknown god.
  1213 | D:3      | Killed from afar by an orc priest

Illustrated notes

Levels and vault maps discovered:
D:1:      dpeg_arrival_round_a, layout_rooms, serial_shops,
          nicolae_shop_crystal, hex_large
D:2:      layout_basic, st_stairs_9, uniq_sigmund
D:3:      layout_loops_ring, lemuel_doored_altar, ebering_ecumenical_altar_webs,
          minmay_starry_boxes

Skill      XL: |  1  2  3 |
---------------+----------+-----
Conjurations   | 2 3 4 |  4.1
Dodging        | |  2.4
Stealth        | |  2.4
Spellcasting   | |  3.0
Fire Magic     | |  3.2

Action                     || total
---------------------------++-------
  Melee: Unarmed           ||     1
         Staff             ||     4
   Cast: Foxfire           ||    36
         Scorch            ||     5
    Use: Scroll            ||     5
 Armour: Robe              ||     7
  Dodge: Dodged            ||     8
